 Dungeon Crawl Stone Soup version 0.28-a0-535-g6f645e4c1d (webtiles) character file.

Game seed: 4676666384839096932

239 Spaninq the Digger (level 5, -1/42 HPs)
             Began as a Draconian Earth Elementalist on Sept 25, 2021.
             Was a Follower of Qazlal.
             Slain by an orc warrior (9 damage)
             ... on level 3 of the Dungeon on Sept 26, 2021.
             The game lasted 00:09:53 (3905 turns).

Spaninq the Digger (Draconian Earth Elementalist)   Turns: 3905, Time: 00:09:55

Health: -1/42      AC:  6    Str: 11    XL:     5   Next: 79%
Magic:  9/10       EV: 12    Int: 16    God:    Qazlal [*.....]
Gold:   136        SH:  2    Dex: 11    Spells: 5/11 levels left

rFire   x . .      SeeInvis .   k - +0 short sword (drain)
rCold   + . .      Faith    .   (no shield)
rNeg    . . .      Spirit   .   (armour unavailable)
rPois   .          Reflect  .   (helmet restricted)
rElec   .          Harm     .   (no cloak)
rCorr   .          Rampage  .   d - +0 pair of gloves
Will    .....                   (no boots)
Stlth   ++........              m - amulet of magic regeneration
HPRegen 0.14/turn               f - ring of ice
MPRegen 0.37/turn               (no ring)

@: no status effects
A: AC +5, unfitting armour, cold-blooded
a: Renounce Religion


You were on level 3 of the Dungeon.
You worshipped Qazlal.
Qazlal was aware of your devotion.
You visited 1 branch of the dungeon, and saw 4 of its levels.

You collected 136 gold pieces.

Inventory:

Hand Weapons
 k - a +0 short sword of draining (weapon)
Missiles
 b - 103 stones
Armour
 d - a +0 pair of gloves (worn)
Jewellery
 f - a ring of ice (left hand)
 m - an amulet of magic regeneration (around neck)
Scrolls
 c - a scroll of identify {unknown}
 h - 2 scrolls of enchant armour {unknown}
 n - a scroll of teleportation {unknown}
 o - a scroll of immolation {unknown}
Potions
 a - a potion of degeneration {unknown}
 e - a potion of magic {unknown}
 g - 3 potions of brilliance {unknown}
 i - a potion of heal wounds {unknown}
 j - a potion of flight {unknown}
 l - a potion of lignification {unknown}


   Skills:
 + Level 2.3 Fighting
 - Level 1.7 Dodging
 - Level 1.7 Stealth
 * Level 3.6 Spellcasting
 * Level 1.9 Conjurations
 - Level 1.0 Transmutations
 * Level 4.5 Earth Magic


You had 5 spell levels left.
You knew the following spells:

 Your Spells              Type           Power      Damage    Failure   Level
a - Sandblast             Erth           34%        2d9       2%          1
b - Passwall              Tmut/Erth      9%         N/A       9%          2
c - Stone Arrow           Conj/Erth      26%        3d8       14%         3

Your spell library contained the following spells:

 Spells                   Type           Power      Damage    Failure   Level
 Magic Dart               Conj           36%        1d4       8%          1
 Call Imp                 Summ           2%         N/A       26%         2
 Slow                     Hex            2%         N/A       26%         2
 Mephitic Cloud           Conj/Pois/Air  4%         N/A       38%         3
 Confusing Touch          Hex            2%         N/A       47%         3
 Petrify                  Tmut/Erth      11%        N/A       50%         4
 Yara's Violent Unravell  Hex/Tmut       2%         3d3       99%         5


Dungeon Overview and Level Annotations

Branches:
Dungeon (4/15)
 Temple: D:4-7

Altars:
Qazlal
Trog
Zin

Shops:
D:1 !


Innate Abilities, Weirdness & Mutations

Your plain brown scales are hard. (AC +5)
You cannot fit into any form of body armour.
You are cold-blooded and may be slowed by cold attacks.


Message History

There is a stone staircase leading up here.
Casting: Sandblast (safe; 2% risk of failure)
Confirm with . or Enter, or press ? or * to list all spells.
Aiming: Sandblast (safe; 2% risk of failure)
Press: ? - help, Shift-Dir - straight line, f - orc
Aim: an orc, wielding a +0 flail and wearing a +0 leather armour (79% to hit)
The blast of sand hits the orc!
You kill the orc!
Qazlal accepts your kill.
You are confused.
You climb upwards.
Reactivating autopickup.
There is a stone staircase leading down here.
You start resting.
You feel less confused.
You start resting.
HP restored.
You climb downwards.
The goblin misses you.
The orc warrior hits you with a +0 long sword!
The goblin hits you but does no damage. The orc warrior closely misses you.
There is a stone staircase leading up, spattered with blood here.
The goblin hits you with a +0 dagger.
The orc warrior hits you with a +0 long sword.
You climb upwards.
There is a stone staircase leading down here.
You closely miss the goblin. The goblin hits you but does no damage.
The orc warrior hits you with a +0 long sword!
You closely miss the goblin. The goblin hits you but does no damage.
The orc warrior hits you with a +0 long sword!
* * * LOW HITPOINT WARNING * * *
Casting: Sandblast (safe; 2% risk of failure)
Confirm with . or Enter, or press ? or * to list all spells.
Aiming: Sandblast (safe; 2% risk of failure)
Press: ? - help, Shift-Dir - straight line, f - goblin
Aim: a goblin, wielding a +0 dagger (74% to hit)
The blast of sand hits the goblin!
You kill the goblin!
Qazlal accepts your kill.
The orc warrior hits you with a +0 long sword!
You die...

#.....##.# ##+##
#.## #.###.##.# #.#
#.## #.###.##.# #.#
#.# #........# ##.##
#.## #####.####
##...## #... #.#
#.....######
#.########...#.....#
#.##...####.##.###..
#.)@o..........# #.#
####...####.##.###.#
##### #.##.....#
#.######## #.# #.#
####.# #.###########
#######.#........#.


You could see an orc warrior.

Vanquished Creatures
  A howler monkey (D:4)
  A bullfrog zombie (D:4)
  An orc wizard (D:3)
  3 gnolls (D:3)
  4 adders
  3 worms
  A dart slug (D:2)
  7 orcs
  8 ball pythons
  5 endoplasms
  A giant cockroach (D:3)
  5 goblins
  5 hobgoblins
  3 quokkas (D:1)
  A frilled lizard (D:1)
  9 kobolds
  3 rats (D:2)
61 creatures vanquished.

Notes
Turn   | Place    | Note
-------+----------+-------------------------------------------
     0 | D:1      | Spaninq the Draconian Earth Elementalist began the quest
                  | for the Orb.
     0 | D:1      | Reached XP level 1. HP: 14/14 MP: 3/3
     2 | D:1      | Upgraded the game from 0.28-a0-533-g9f97627e2a to
                  | 0.28-a0-535-g6f645e4c1d
    87 | D:1      | You fall into a shaft and drop 1 floor!
   104 | D:2      | Found a stormy altar of Qazlal.
   154 | D:2      | Became a worshipper of Qazlal Stormbringer
   269 | D:2      | Reached XP level 2. HP: 22/22 MP: 5/5
   489 | D:1      | Found a faded altar of an unknown god.
   579 | D:1      | Found Ashrac's Distillery.
   718 | D:1      | Reached skill level 1 in Fighting
  1111 | D:2      | Learned a level 2 spell: Passwall
  1177 | D:2      | Reached XP level 3. HP: 28/28 MP: 6/6
  2057 | D:3      | Reached XP level 4. HP: 27/35 MP: 6/8
  2061 | D:3      | Learned a level 3 spell: Stone Arrow
  2168 | D:3      | Found a bloodstained altar of Trog.
  2304 | D:3      | Reached * piety under Qazlal
  2399 | D:3      | Found Reawuad's General Store.
  2614 | D:3      | Reached skill level 4 in Earth Magic
  3083 | D:3      | Reached skill level 1 in Conjurations
  3253 | D:4      | Found a glowing silver altar of Zin.
  3392 | D:4      | Reached XP level 5. HP: 18/41 MP: 5/10
  3751 | D:4      | Identified the +2 leather armour of the Ancient Olives
                  | {rPois Will+++ Int-5 Dex-5}
  3770 | D:4      | Noticed an orc warrior
  3905 | D:3      | Slain by an orc warrior

Illustrated notes

Levels and vault maps discovered:
D:1:      scummos_arrival_simple_fountains, layout_rooms,
          basic_ecumenical_altar, serial_shops, nicolae_shop_crystal,
          minmay_statues_item, grunt_decor_one_mirror, nrook_mini_backslash,
          dk_noncrumbling_2
D:2:      layout_basic, basic_altar
D:3:      layout_loops_corners, mainiacjoe_overflow_cross_hatched, serial_shops,
          nicolae_square_shop, minmay_misc_feat_columns,
          kennysheep_generic_room_6
D:4:      minmay_inner_zag, layout_rooms, nicolae_xom_altar_mimics,
          zin_statuary, makhleb_heckhound_becter

Skill      XL: |  1  2  3  4 |
---------------+-------------+-----
Fighting       | 1 2 |  2.3
Spellcasting   | 3 |  3.6
Earth Magic    | 4 |  4.5
Conjurations   | 1 |  1.9
Dodging        | |  1.7
Stealth        | |  1.7
Transmutations | |  1.0

Action                   |  1- 3 |  4- 6 || total
-------------------------+-------+-------++-------
Melee: Short sword       |    40 |    90 ||   130
       Tailslap          |    16 |     6 ||    22
       Unarmed           |     3 |       ||     3
       Dagger            |    92 |       ||    92
 Cast: Sandblast         |    13 |    22 ||    35
 Stab: Sleeping          |     4 |       ||     4
Armor: Skin              |    24 |    26 ||    50
Dodge: Dodged            |    63 |    58 ||   121
Block: Other             |       |     2 ||     2

Table legend: (Time is in decaauts)
 A = Elapsed time spent in this place.
 B = Non-inter-level travel time spent in this place.
 C = Inter-level travel time spent in this place.
 D = Time resting spent in this place.
 E = Time spent auto-exploring this place.
 F = Levels seen in this place.
 G = Mean time per level.
                   A        B        C        D        E       F      G
               +--------+--------+--------+--------+--------+-----+--------+
         Total |   3888 |   3800 |     88 |    808 |   2240 |   4 |  972.0 |
       Dungeon |   3888 |   3800 |     88 |    808 |   2240 |   4 |  972.0 |
               +--------+--------+--------+--------+--------+-----+--------+

Top non-repeatable levels by time:
     D:3: 1908 daAuts
     D:1: 789 daAuts
     D:2: 634 daAuts
     D:4: 555 daAuts
